 Dungeon Crawl Stone Soup version 0.20.1-1-g8b1a95d (webtiles) character file.

1468 esteth the Fighter (level 8, -3/79 HPs)
             Began as a Demonspawn Fighter on Oct 15, 2017.
             Was a Follower of Ashenzari.
             Killed by nerve-wracking pain
             ... invoked by an orc priest
              (13 damage)
             ... on level 5 of the Dungeon.
             The game lasted 00:12:24 (4691 turns).

esteth the Fighter (Demonspawn Fighter)             Turns: 4691, Time: 00:12:25

Health: -3/79      AC: 10    Str: 18 (19) XL:     8   Next: 48%
Magic:  0/8        EV:  6    Int:  9      God:    Ashenzari [*.....]
Gold:   211        SH:  8    Dex: 11 (13) Spells: 7/7 levels left

rFire    + . .     SeeInvis .   a - +0 war axe (curse)
rCold    . . .     Gourm    .   c - +0 shield (curse)
rNeg     . . .     Faith    .   b - +1 scale mail (curse)
rPois    .         Spirit   +   (no helmet)
rElec    .         Reflect  .   t - scarf {Spirit} (curse)
rCorr    .         Harm     .   (no gloves)
MR       .....                  (no boots)
Stlth    ..........             (no amulet)
Regen    0.3/turn               (no ring)
MPRegen  0.2/turn               (no ring)

@: drained
A: rugged brown scales 3, fire resistance 1
a: Curse Item, Scrying, Renounce Religion


You were on level 5 of the Dungeon.
You worshipped Ashenzari.
Ashenzari was aware of your devotion.
You were not hungry.

You visited 1 branch of the dungeon, and saw 5 of its levels.
You also visited: Ossuary.

You collected 211 gold pieces.

Inventory:

Hand Weapons
 a - a cursed +0 war axe (weapon)
Armour
 b - a cursed +1 scale mail (worn)
 c - a cursed +0 shield (worn)
 t - a cursed scarf of spirit shield (worn)
Wands
 l - a wand of clouds (4/9)
 m - a wand of digging (11/24)
Scrolls
 h - a scroll of remove curse
 i - 3 scrolls of enchant armour
 k - 8 scrolls of identify
 w - a scroll of recharging {unknown}
 y - 2 scrolls of teleportation
Potions
 e - a potion of flight
 g - a potion of degeneration
 n - a potion of haste
 v - a potion of lignification {unknown}
Books
 x - a book of Maledictions

   Spells                             Type                      Level
   a - Corona                         Hexes                        1
   b - Ensorcelled Hibernation        Hexes/Ice                    2
   c - Confuse                        Hexes                        3
   d - Tukima's Dance                 Hexes                        3
   e - Dazzling Spray                 Conjuration/Hexes            3
Comestibles
 d - 6 chunks of flesh
 f - 3 bread rations
 j - 3 fruits
 q - a meat ration
 s - 3 royal jellies


   Skills:
 + Level 10.9(10.6) Fighting
 - Level 1.7(1.5) Axes
 - Level 2.6(2.4) Armour
 - Level 2.6(2.4) Shields


You had 7 spell levels left.
You didn't know any spells.

Dungeon Overview and Level Annotations

Branches:
Dungeon (5/15)             Temple (0/1) D:4

Altars:
Ashenzari
Nemelex Xobeh

Annotations:
D:2 1 runed door


Innate Abilities, Weirdness & Mutations

You are completely covered in rugged brown scales. (AC +3, +7% HP)
Your flesh is heat resistant. (rF+)


Message History

You feel a bit more experienced.
The orc priest calls down the wrath of Beogh upon you.
Beogh smites you!
The orc priest casts a cantrip, but nothing happens.
You hit the orc priest but do no damage.
The orc priest is severely wounded.
The orc priest invokes the aid of Beogh against you.
Pain shoots through your body!
* * * LOW HITPOINT WARNING * * *
You block the orc priest's attack.
You hit the orc priest but do no damage.
The orc priest is severely wounded.
The orc priest mumbles some strange prayers to Beogh against you.
Beogh smites you!
* * * LOW HITPOINT WARNING * * *
Your shield prevents you from hitting the orc priest.
The orc priest is severely wounded.
The orc priest calls down the wrath of Beogh upon you.
Pain shoots through your body!
You die...

##........###.##.##'##
#...###### #....##.#
##### #..####.#
#..####.# ....#....#
#### .#. #.#### ...#
#.# ...# #.# ...#. #@#
..... ......)o)......
..... #+####.........
+##.. .......... .# #.
........... .#
............ .#
..#......$... '###
...#...#####+# ...#


You could see an orc priest.

Vanquished Creatures
  Edmund (D:4)
  An orc warrior (D:5)
  A phantom (D:4)
  Blork the orc (D:5)
  A gnoll sergeant (D:5)
  4 water moccasin zombies (Ossuary)
  A scorpion (D:3)
  A wight (D:5)
  A centaur skeleton (D:4)
  2 hounds
  A bullfrog skeleton (D:5)
  An orc priest (D:4)
  2 orc wizards
  An iguana (D:4)
  3 worker ants
  2 big kobold zombies (Ossuary)
  A hound zombie (D:5)
  2 mummies (Ossuary)
  9 gnolls
  11 adders
  A shadow imp (D:5)
  2 adder zombies (Ossuary)
  6 worms
  2 dart slugs
  5 leopard geckos
  13 orcs
  2 giant cockroaches (D:3)
  4 gnoll zombies (Ossuary)
  9 goblins
  13 hobgoblins
  A jackal (D:4)
  4 quokkas
  A ball python (D:1)
  5 bats
  3 frilled lizards
  10 hobgoblin zombies (Ossuary)
  7 kobolds
  8 kobold zombies (Ossuary)
  5 orc zombies (Ossuary)
  6 rats
  3 fungi (D:2)
157 creatures vanquished.

Vanquished Creatures (others)
  A plant (D:5)
1 creature vanquished.

Grand Total: 158 creatures vanquished

Notes
Turn   | Place    | Note
-------+----------+-------------------------------------------
     0 | D:1      | esteth the Demonspawn Fighter began the quest for the Orb.
     0 | D:1      | Reached XP level 1. HP: 18/18 MP: 1/1
   364 | D:1      | Gained mutation: You are partially covered in rugged brown scales. (AC +1, +3% HP) [demonic ancestry]
   364 | D:1      | Reached XP level 2. HP: 17/24 MP: 2/2
   405 | D:1      | Reached skill level 4 in Fighting
   650 | D:1      | Reached XP level 3. HP: 30/30 MP: 3/3
  1407 | D:2      | Reached skill level 5 in Fighting
  1407 | D:2      | Gained mutation: You are mostly covered in rugged brown scales. (AC +2, +5% HP) [demonic ancestry]
  1407 | D:2      | Reached XP level 4. HP: 32/40 MP: 4/4
  1462 | D:2      | Found a shattered altar of Ashenzari.
  1470 | D:2      | Became a worshipper of Ashenzari the Shackled
  1633 | D:2      | Found a sparkling altar of Nemelex Xobeh.
  2120 | D:2      | Found a runed door.
  2249 | D:3      | Reached XP level 5. HP: 43/48 MP: 5/5
  2531 | D:3      | Reached skill level 6 in Fighting
  2642 | D:3      | Reached skill level 7 in Fighting
  2642 | D:3      | Gained mutation: You are completely covered in rugged brown scales. (AC +3, +7% HP) [demonic ancestry]
  2642 | D:3      | Reached XP level 6. HP: 17/58 MP: 1/6
  2841 | D:4      | Found a staircase to the Ecumenical Temple.
  2858 | D:4      | Noticed Edmund
  2869 | D:4      | Killed Edmund
  2994 | D:4      | Found a sand-covered staircase.
  2999 | Ossuary  | Entered an ossuary
  3098 | Ossuary  | Reached skill level 8 in Fighting
  3098 | Ossuary  | Gained mutation: Your flesh is heat resistant. (rF+) [demonic ancestry]
  3098 | Ossuary  | Reached XP level 7. HP: 45/66 MP: 3/7
  3426 | Ossuary  | Reached skill level 9 in Fighting
  3652 | D:4      | Reached XP level 8. HP: 43/77 MP: 5/8
  3890 | D:5      | Entered Level 5 of the Dungeon
  4101 | D:5      | Reached skill level 10 in Fighting
  4115 | D:5      | Noticed Blork the orc
  4175 | D:5      | Killed Blork the orc
  4656 | D:5      | Reached * piety under Ashenzari
  4691 | D:5      | Killed from afar by an orc priest

Skill      XL: |  1  2  3  4  5  6  7  8 |
---------------+-------------------------+-----
Fighting       | 4 5 7 8 9 10 | 10.9
Axes           | |  1.7
Armour         | |  2.6
Shields        | |  2.6

Action                   |  1- 3 |  4- 6 |  7- 9 || total
-------------------------+-------+-------+-------++-------
Melee: War axe           |    87 |   256 |   285 ||   628
Invok: Curse Item        |       |     1 |     3 ||     4
  Use: Scroll            |       |     6 |     1 ||     7
       Potion            |       |     4 |    14 ||    18
  Eat: Chunk             |     2 |     6 |     6 ||    14
Armor: Scale mail        |    55 |   119 |   152 ||   326
Dodge: Dodged            |    25 |    80 |    92 ||   197
Block: Shield            |    56 |   108 |   164 ||   328
